PCL
HOUSTON HAMMERTIME @ ALBUQUERQUE ISOTOPES
05/01/2027
 
TOP OF THE 1ST
Houston Hammertime batting - Pitching for Albuquerque Isotopes : RHP Juan Rodríguez
Pitching: RHP Juan Rodríguez
Batting: RHB Dan Mason 0-0: Ball
1-0: Called Strike
1-1: Ball
2-1: Ball
3-1: Base on Balls
Batting: RHB José García 0-0: Ball
1-0: Fly out, F7 (Flyball, 78M)
Batting: RHB Pedro Meza 0-0: Called Strike
0-1: Called Strike
0-2: Strikes out swinging
Batting: LHB Juan Cabañas 0-0: Ball
1-0: Ball
2-0: Ball
3-0: Base on Balls
Dan Mason to second
Batting: LHB Fernando Camacho 0-0: Foul Ball, location: 2F
0-1: Called Strike
0-2: Foul Ball, location: 2F
0-2: Ball
1-2: Ball
2-2: Ball
3-2: Base on Balls
Dan Mason to third
Juan Cabañas to second
Batting: LHB Bill Murphy 0-0: Swinging Strike
0-1: Ball
1-1: Foul Ball, location: 2F
1-2: Foul Ball, location: 2F
1-2: SINGLE (Line Drive, 34D)
Dan Mason scores
Juan Cabañas to third
Fernando Camacho to second
Runner from 3rd tries for Home, SAFE, no throw
Batting: SHB Richard Bowman 0-0: Foul Ball, location: 2F
0-1: Swinging Strike
0-2: Ball
1-2: Strikes out swinging
Top of the 1st over - 2 run(s), 1 hit(s), 0 error(s), 2 left on base; Houston 2 - Albuquerque 0
BOTTOM OF THE 1ST
Albuquerque Isotopes batting - Pitching for Houston Hammertime : RHP Kevin Bader
Pitching: RHP Kevin Bader
Batting: RHB Arturo García 0-0: Ball
1-0: DOUBLE (Groundball, 5L)
Batting: RHB Dave Mullen 0-0: Ball
1-0: Ground out 4-3 (Groundball, 4)
Arturo García to third
Batting: LHB Bernardo Montés 0-0: Called Strike
0-1: Ball
1-1: Called Strike
1-2: Ball
2-2: Foul Ball, location: 2F
2-2: Ground out 4-3 (Groundball, 4)
Arturo García scores
Batting: LHB Mark Vestal 0-0: Swinging Strike
0-1: Ball
1-1: Foul Ball, location: 2F
1-2: Strikes out swinging
Bottom of the 1st over - 1 run(s), 1 hit(s), 0 error(s), 0 left on base; Houston 2 - Albuquerque 1
TOP OF THE 2ND
Houston Hammertime batting - Pitching for Albuquerque Isotopes : RHP Juan Rodríguez
Batting: LHB Enrique Valentín 0-0: Called Strike
0-1: Hit by Pitch
Batting: RHB Alberto Chávez 0-0: Ball
1-0: Called Strike
1-1: Fly out, F8 (Flyball, 78M)
Batting: RHB Dan Mason 0-0: Called Strike
0-1: Swinging Strike
0-2: Foul Ball, location: 2F
0-2: Ball
1-2: Ball
2-2: Fielders Choice at 2nd, 5-4 (Groundball, 56)
Batting: RHB José García 0-0: Fly out, F9 (Flyball, 9)
Top of the 2nd over - 0 run(s), 0 hit(s), 0 error(s), 1 left on base; Houston 2 - Albuquerque 1
BOTTOM OF THE 2ND
Albuquerque Isotopes batting - Pitching for Houston Hammertime : RHP Kevin Bader
Batting: LHB António De Los Ángeles 0-0: Ball
1-0: Foul Ball, location: 2F
1-1: Swinging Strike
1-2: Foul Ball, location: 2F
1-2: Ball
2-2: Strikes out swinging
Batting: RHB Alfonso Huertas 0-0: Fly out, F7 (Line Drive, 78D)
Batting: RHB Juan Alberto 0-0: Ball
1-0: Ball
2-0: Foul Ball, location: 2F
2-1: Ball
3-1: Foul Ball, location: 2F
3-2: Base on Balls
Batting: LHB Fernando Ortíz 0-0: Fly out, F6 (Popup, 6MD)
Bottom of the 2nd over - 0 run(s), 0 hit(s), 0 error(s), 1 left on base; Houston 2 - Albuquerque 1
TOP OF THE 3RD
Houston Hammertime batting - Pitching for Albuquerque Isotopes : RHP Juan Rodríguez
Batting: RHB Pedro Meza 0-0: Called Strike
0-1: Swinging Strike
0-2: Ball
1-2: Ball
2-2: Ball
3-2: Base on Balls
Batting: LHB Juan Cabañas 0-0: Ball
1-0: Swinging Strike
1-1: Swinging Strike
1-2: Strikes out swinging
Batting: LHB Fernando Camacho 0-0: Ball
1-0: Ball
2-0: Ball
3-0: Called Strike
3-1: Swinging Strike
3-2: Base on Balls
Pedro Meza to second
Batting: LHB Bill Murphy 0-0: Ball
1-0: Swinging Strike
1-1: Called Strike
1-2: Ball
2-2: Ball
3-2: Strikes out swinging
Batting: SHB Richard Bowman 0-0: Fielders Choice at 2nd, 4-6 (Groundball, 4)
Top of the 3rd over - 0 run(s), 0 hit(s), 0 error(s), 1 left on base; Houston 2 - Albuquerque 1
BOTTOM OF THE 3RD
Albuquerque Isotopes batting - Pitching for Houston Hammertime : RHP Kevin Bader
Batting: LHB A.J. Major 0-0: Ball
1-0: Fly out, F5 (Line Drive, 56)
Batting: RHB Arturo García 0-0: Foul Ball, location: 2F
0-1: Ground out 5-3 (Groundball, 56S)
Batting: RHB Dave Mullen 0-0: Ball
1-0: Fly out, F8 (Flyball, 8RD)
Bottom of the 3rd over - 0 run(s), 0 hit(s), 0 error(s), 0 left on base; Houston 2 - Albuquerque 1
TOP OF THE 4TH
Houston Hammertime batting - Pitching for Albuquerque Isotopes : RHP Juan Rodríguez
Batting: LHB Enrique Valentín 0-0: Called Strike
0-1: Swinging Strike
0-2: Foul Ball, location: 2F
0-2: Foul Ball, location: 2F
0-2: Ground out 4-3 (Groundball, 4MS)
Batting: RHB Alberto Chávez 0-0: Ground out 5-3 (Groundball, 56)
Batting: RHB Dan Mason 0-0: Ball
1-0: Ball
2-0: Ball
3-0: Called Strike
3-1: Foul Ball, location: 2F
3-2: Base on Balls
Batting: RHB José García 0-0: Ball
1-0: Called Strike
1-1: Ball
2-1: Ball
3-1: Ground out U3 (Groundball, 3L)
Top of the 4th over - 0 run(s), 0 hit(s), 0 error(s), 1 left on base; Houston 2 - Albuquerque 1
BOTTOM OF THE 4TH
Albuquerque Isotopes batting - Pitching for Houston Hammertime : RHP Kevin Bader
Batting: LHB Bernardo Montés 0-0: Called Strike
0-1: Ball
1-1: Swinging Strike
1-2: Ground out U3 (Groundball, 3)
Batting: LHB Mark Vestal 0-0: Called Strike
0-1: Foul Ball, location: 2F
0-2: Ball
1-2: Strikes out looking
Batting: LHB António De Los Ángeles 0-0: Called Strike
0-1: Ball
1-1: Foul Ball, location: 2F
1-2: Foul Ball, location: 2F
1-2: Foul Ball, location: 2F
1-2: SINGLE (Line Drive, 56D)
Batting: RHB Alfonso Huertas 0-0: Ball
1-0: Foul Ball, location: 2F
1-1: Swinging Strike
1-2: Strikes out swinging
Bottom of the 4th over - 0 run(s), 1 hit(s), 0 error(s), 1 left on base; Houston 2 - Albuquerque 1
TOP OF THE 5TH
Houston Hammertime batting - Pitching for Albuquerque Isotopes : RHP Juan Rodríguez
Batting: RHB Pedro Meza 0-0: Ball
1-0: Called Strike
1-1: Called Strike
1-2: Ball
2-2: Strikes out swinging
Batting: LHB Juan Cabañas 0-0: Swinging Strike
0-1: Foul Ball, location: 2F
0-2: Foul Ball, location: 2F
0-2: Ball
1-2: Ground out 4-3 (Groundball, 4)
Batting: LHB Fernando Camacho 0-0: Ball
1-0: Ball
2-0: Fly out, F9 (Flyball, 9LM)
Top of the 5th over - 0 run(s), 0 hit(s), 0 error(s), 0 left on base; Houston 2 - Albuquerque 1
BOTTOM OF THE 5TH
Albuquerque Isotopes batting - Pitching for Houston Hammertime : RHP Kevin Bader
Batting: RHB Juan Alberto 0-0: Ball
1-0: Called Strike
1-1: Ball
2-1: Fly out, F7 (Flyball, 78D)
Batting: LHB Fernando Ortíz 0-0: Ball
1-0: Called Strike
1-1: Fly out, F9 (Flyball, 9S)
Batting: LHB A.J. Major 0-0: SINGLE (Line Drive, 89M)
Batting: RHB Arturo García 0-0: Foul Ball, location: 2F
0-1: Ball
A.J. Major is caught stealing 2nd base
Bottom of the 5th over - 0 run(s), 1 hit(s), 0 error(s), 0 left on base; Houston 2 - Albuquerque 1
TOP OF THE 6TH
Houston Hammertime batting - Pitching for Albuquerque Isotopes : RHP Juan Rodríguez
Pitching: RHP Kenny Skinner
Batting: LHB Bill Murphy 0-0: Ball
1-0: Bunt for hit - play at first, batter OUT! 1-3
Batting: SHB Richard Bowman 0-0: Foul Ball, location: 2F
0-1: Ball
1-1: Ground out 4-3 (Groundball, 4S)
Batting: LHB Enrique Valentín 0-0: Ball
1-0: SINGLE (Flyball, 8RS)
Batting: RHB Alberto Chávez 0-0: Foul Ball, location: 2F
0-1: Ball
1-1: Fly out, F7 (Line Drive, 7)
Top of the 6th over - 0 run(s), 1 hit(s), 0 error(s), 1 left on base; Houston 2 - Albuquerque 1
BOTTOM OF THE 6TH
Albuquerque Isotopes batting - Pitching for Houston Hammertime : RHP Kevin Bader
Batting: RHB Arturo García 0-0: Foul Ball, location: 2F
0-1: Ball
1-1: Ball
2-1: Called Strike
2-2: Foul Ball, location: 2F
2-2: Strikes out swinging
Batting: RHB Dave Mullen 0-0: Called Strike
0-1: Foul Ball, location: 2F
0-2: Foul Ball, location: 2F
0-2: Ball
1-2: Strikes out swinging
Batting: LHB Bernardo Montés 0-0: Ball
1-0: Foul Ball, location: 2F
1-1: Foul Ball, location: 2F
1-2: SINGLE (Line Drive, 89S)
Batting: LHB Mark Vestal 0-0: Ball
1-0: Ball
2-0: Called Strike
2-1: Foul Ball, location: 2F
2-2: Foul Ball, location: 2F
2-2: Hit by Pitch
Bernardo Montés to second
Pinch Runner at 2nd Lorenzo Ayala:
Batting: LHB António De Los Ángeles 0-0: Ball
1-0: Ball
2-0: Called Strike
2-1: Fly out, F9 (Flyball, 89M)
Bottom of the 6th over - 0 run(s), 1 hit(s), 0 error(s), 2 left on base; Houston 2 - Albuquerque 1
TOP OF THE 7TH
Houston Hammertime batting - Pitching for Albuquerque Isotopes : RHP Kenny Skinner
Now in CF: Lorenzo Ayala
Batting: RHB Dan Mason 0-0: SINGLE (Line Drive, 56)
Batting: RHB José García 0-0: Ball
1-0: Ball
2-0: Bunted foul
2-1: Sac Bunt - play at first, batter OUT! 1-4
Dan Mason to second
Pinch Hitting: LHB Tom Baker 0-0: Ground out 4-3 (Groundball, 4)
Dan Mason to third
Batting: LHB Juan Cabañas 0-0: Intentional Walk
Pinch Hitting: LHB Pat Jones 0-0: Ball
1-0: Ball
2-0: Foul Ball, location: 2F
2-1: Foul Ball, location: 2F
2-2: Foul Ball, location: 2F
2-2: SINGLE (Groundball, 34D)
Dan Mason scores
Juan Cabañas to second
Runner from 2nd tries for 3rd, SAFE, throw made to third
Batting: LHB Bill Murphy 0-0: Ball
1-0: Swinging Strike
1-1: Swinging Strike
1-2: Ball
2-2: Ball
3-2: Base on Balls
Pat Jones to second
Pitching: RHP Juan Marín
Pinch Hitting: LHB Bartolo Villanueva 0-0: Swinging Strike
0-1: Called Strike
0-2: Foul Ball, location: 2F
0-2: Ball
1-2: Strikes out swinging
Top of the 7th over - 1 run(s), 2 hit(s), 0 error(s), 3 left on base; Houston 3 - Albuquerque 1
BOTTOM OF THE 7TH
Albuquerque Isotopes batting - Pitching for Houston Hammertime : RHP Kevin Bader
Now at 1B: Domingo Matos
Now at 3B: John Robbins
Now in CF: Tom Baker
Batting: RHB Alfonso Huertas 0-0: Ball
1-0: Called Strike
1-1: Ball
2-1: Foul Ball, location: 2F
2-2: Ground out 5-3 (Groundball, 25)
Batting: RHB Juan Alberto 0-0: SOLO HOME RUN (Flyball, 9LD), Distance : 384 ft
Batting: LHB Fernando Ortíz 0-0: Ball
1-0: Called Strike
1-1: Foul Ball, location: 2F
1-2: Ball
2-2: Ground out U3 (Groundball, 34)
Batting: LHB A.J. Major 0-0: Called Strike
0-1: Foul Ball, location: 2F
0-2: Ball
1-2: Foul Ball, location: 2F
1-2: SINGLE (Groundball, 34D)
Pitching: RHP António Galindo
Pinch Hitting: LHB Bob Smith 0-0: Swinging Strike
0-1: Foul Ball, location: 2F
0-2: Fly out, F8 (Line Drive, 89M)
Bottom of the 7th over - 1 run(s), 2 hit(s), 0 error(s), 1 left on base; Houston 3 - Albuquerque 2
TOP OF THE 8TH
Houston Hammertime batting - Pitching for Albuquerque Isotopes : RHP Juan Marín
Now at 1B: Bob Smith
Batting: LHB Enrique Valentín 0-0: Called Strike
0-1: Called Strike
0-2: Foul Ball, location: 2F
0-2: Strikes out swinging
Batting: RHB Alberto Chávez 0-0: Called Strike
0-1: Fly out, F9 (Line Drive, 9LS)
Batting: RHB Dan Mason 0-0: Ball
1-0: Called Strike
1-1: Foul Ball, location: 2F
1-2: SOLO HOME RUN (Flyball, 7D), Distance : 386 ft
Batting: RHB José García 0-0: Ball
1-0: Ball
2-0: Swinging Strike
2-1: Swinging Strike
2-2: Ball
3-2: Foul Ball, location: 2F
3-2: Base on Balls
Batting: LHB Tom Baker 0-0: Foul Ball, location: 2F
0-1: Ball
1-1: Foul Ball, location: 2F
1-2: Fly out, F8 (Flyball, 78XD)
Top of the 8th over - 1 run(s), 1 hit(s), 0 error(s), 1 left on base; Houston 4 - Albuquerque 2
BOTTOM OF THE 8TH
Albuquerque Isotopes batting - Pitching for Houston Hammertime : RHP António Galindo
Batting: RHB Dave Mullen 0-0: Ball
1-0: DOUBLE (Line Drive, 9LM)
Batting: RHB Lorenzo Ayala 0-0: Fly out, F6 (Line Drive, 6MD)
Pitching: LHP Dan Snyder
Batting: LHB Mark Vestal 0-0: Ball
1-0: Ball
2-0: Called Strike
2-1: Ball
3-1: Base on Balls
Batting: LHB António De Los Ángeles 0-0: Ball
1-0: Ball
2-0: Ball
3-0: Called Strike
3-1: Ground out U3 (Groundball, 34S)
Dave Mullen to third
Mark Vestal to second
Pitching: RHP Andrés Rivera
Pinch Hitting: LHB Juan Carlos Sánchez 0-0: Ball
1-0: Ground out 1-3 (Groundball, 13)
Bottom of the 8th over - 0 run(s), 1 hit(s), 0 error(s), 2 left on base; Houston 4 - Albuquerque 2
TOP OF THE 9TH
Houston Hammertime batting - Pitching for Albuquerque Isotopes : RHP Juan Marín
Now at 2B: Alden Isenhood
Batting: LHB Juan Cabañas 0-0: Fly out, F8 (Flyball, 8RM)
Batting: RHB Domingo Matos 0-0: Ground out 6-3 (Groundball, 6)
Batting: LHB Bill Murphy 0-0: Called Strike
0-1: Ball
1-1: Ball
2-1: Foul Ball, location: 2F
2-2: Strikes out swinging
Top of the 9th over - 0 run(s), 0 hit(s), 0 error(s), 0 left on base; Houston 4 - Albuquerque 2
BOTTOM OF THE 9TH
Albuquerque Isotopes batting - Pitching for Houston Hammertime : RHP Andrés Rivera
Pitching: RHP Brandon Williams
Batting: RHB Juan Alberto 0-0: Ball
1-0: Called Strike
1-1: Swinging Strike
1-2: Ball
2-2: Strikes out looking
Batting: LHB Fernando Ortíz 0-0: Foul Ball, location: 2F
0-1: Ball
1-1: Foul Ball, location: 2F
1-2: Ball
2-2: Strikes out swinging
Batting: LHB A.J. Major 0-0: Ball
1-0: Swinging Strike
1-1: Ball
2-1: SINGLE (Groundball, 5D)
Batting: LHB Bob Smith 0-0: Ball
1-0: Ball
2-0: Ball
3-0: Called Strike
3-1: Base on Balls
A.J. Major to second
Pinch Hitting: RHB Juan Vareas 0-0: SINGLE (Groundball, 4MD)
A.J. Major to third
Bob Smith to second
Runner from 3rd tries for Home, SAFE, no throw
Pitching: RHP José Ortíz
Pinch Runner at 2nd Luis Encarnación:
Pinch Hitting: RHB Pablo Sandoval 0-0: Ball
1-0: Ball
2-0: Called Strike
2-1: Foul Ball, location: 2F
2-2: Ball
3-2: Foul Ball, location: 2F
3-2: Base on Balls
Luis Encarnación to third
Juan Vareas to second
Batting: LHB Mark Vestal 0-0: Foul Ball, location: 2F
0-1: Foul Ball, location: 2F
0-2: Strikes out swinging
Bottom of the 9th over - 1 run(s), 2 hit(s), 0 error(s), 3 left on base; Houston 4 - Albuquerque 3
Thursday, March 30th, 2017 - OOTP Baseball 17.12 Build 75